 Dungeon Sprint DCSS version 0.22-a0-369-gc73351f (webtiles) character file.

39 sexinstructor the Skirmisher (level 3, 0/33 HPs)
             Began as a Formicid Fighter on Apr 24, 2018.
             Was a Believer of Qazlal.
             Succumbed to a worker ant's poison
             ... in the Dungeon (Sprint VII: "The Pits").
             The game lasted 00:02:03 (262 turns).

sexinstructor the Skirmisher (Formicid Fighter)      Turns: 262, Time: 00:02:04

Health: 0/33       AC:  7    Str: 21    XL:     3   Next: 67%
Magic:  2/5        EV:  8    Int:  7    God:    Qazlal [**....]
Gold:   0          SH: 12    Dex: 10    Spells: 2/2 levels left

rFire    . . .     SeeInvis +   a - +0 war axe
rCold    . . .     Gourm    .   c - +0 shield
rNeg     . . .     Faith    .   b - +0 scale mail
rPois    .         Spirit   .   (helmet unavailable)
rElec    .         Reflect  .   (no cloak)
rCorr    .         Harm     .   (no gloves)
MR       .....                  (no boots)
Stlth    ..........             (no amulet)
HPRegen  0.11/turn              (no ring)
MPRegen  0.09/turn              (no ring)

@: lethally poisoned (0 -> -4)
A: permanent stasis, dig shafts and tunnels, four strong arms, antennae 3
a: Dig, Upheaval, Renounce Religion


You were in the Dungeon.
You worshipped Qazlal.
Qazlal was pleased with you.
You were not hungry.

You visited 1 branch

Inventory:

Hand Weapons
 a - a +0 war axe (weapon)
Armour
 b - a +0 scale mail (worn)
 c - a +0 shield (worn)
Scrolls
 k - a scroll of blinking
 n - 3 scrolls of remove curse
 o - 5 scrolls of amnesia
 p - a scroll of summoning
Potions
 d - a potion of might
 h - a potion of haste
 i - 4 potions of magic
 j - 3 potions of berserk rage
 m - 2 potions of invisibility
Comestibles
 f - 9 rations
 l - 3 chunks of flesh


   Skills:
 + Level 5.2 Fighting
 + Level 3.7 Axes
 - Level 4.0 Armour
 + Level 0.3 Stealth
 - Level 4.4 Shields
 * Level 3.2 Invocations


You had 2 spell levels left.
You didn't know any spells.

Dungeon Overview and Level Annotations

Branches:
Dungeon (1/1)

Altars:
Ashenzari
Cheibriados
Dithmenos
Elyvilon
Fedhas
Gozag
Hepliaklqana
Kikubaaqudgha
Makhleb
Nemelex Xobeh
Okawaru
Qazlal
Ru
Sif Muna
Trog
Uskayaw
Vehumet
Wu Jian
Xom
Yredelemnul
Zin
The Shining One
Beogh
Jiyva
Lugonu


Innate Abilities, Weirdness & Mutations

You cannot be hasted, slowed, berserked, paralysed or teleported.
You can dig through walls and to a lower floor.
Your four strong arms can wield two-handed weapons with a shield.
You have a pair of large antennae on your head. (SInv)


Message History

You completely miss the hobgoblin. You block the fire bat's attack.
The hobgoblin hits you but does no damage.
You hit the hobgoblin.
You kill the hobgoblin!
Qazlal accepts your kill.
You feel sick. The fire bat bites you.
You are engulfed in flames.
* * * LOW HITPOINT WARNING * * *
The fire bat bites you.
* * * LOW HITPOINT WARNING * * *
You are engulfed in flames.
* * * LOW HITPOINT WARNING * * *
You closely miss the fire bat.
The fire bat is heavily wounded.
The fire bat bites you but does no damage.
The fire bat barely misses you.
Okay, then.
Okay, then.
You barely miss the fire bat.
The fire bat is heavily wounded.
You die...

##########.##..........
#..........÷'..........
#+#####'#####......#..#
#....)# #..........
#.....# ####'#####+
###†### #.......#
#.....# #.......#
#.....# #.......#
####@## #...<...#
#..).b...##.......#
#........##.......#
###########.......# {
{{ ######### { { {


You could see a fire bat.

Vanquished Creatures
  A worker ant (D)
  An ufetubus (D)
  An adder skeleton (D)
  An orc (D)
  A bat skeleton (D)
  A hobgoblin (D)
  2 rats (D)
8 creatures vanquished.

Notes
Turn   | Place    | Note
-------+----------+-------------------------------------------
     0 | D        | sexinstructor the Formicid Fighter began the quest for the Orb.
     0 | D        | Reached XP level 1. HP: 18/18 MP: 1/1
    51 | D        | Found a bloodstained altar of Trog.
    51 | D        | Found a deep blue altar of Sif Muna.
    51 | D        | Found a viscous altar of Jiyva.
    51 | D        | Found a hazy altar of Hepliaklqana.
    51 | D        | Found an opulent altar of Gozag.
    52 | D        | Found a glowing golden altar of the Shining One.
    52 | D        | Found a glowing silver altar of Zin.
    52 | D        | Found a basalt altar of Yredelemnul.
    52 | D        | Found a shimmering altar of Xom.
    52 | D        | Found an ornate altar of the Wu Jian Council.
    52 | D        | Found a sacrificial altar of Ru.
    52 | D        | Found a stormy altar of Qazlal.
    52 | D        | Found an iron altar of Okawaru.
    52 | D        | Found a sparkling altar of Nemelex Xobeh.
    52 | D        | Found a burning altar of Makhleb.
    52 | D        | Found a blossoming altar of Fedhas.
    52 | D        | Found a white marble altar of Elyvilon.
    52 | D        | Found a shadowy altar of Dithmenos.
    52 | D        | Found a snail-covered altar of Cheibriados.
    55 | D        | Found a corrupted altar of Lugonu.
    55 | D        | Found a radiant altar of Vehumet.
    55 | D        | Found a roughly hewn altar of Beogh.
    56 | D        | Found an ancient bone altar of Kikubaaqudgha.
    56 | D        | Found a hide-covered altar of Uskayaw.
    56 | D        | Found a shattered altar of Ashenzari.
    59 | D        | Became a worshipper of Qazlal Stormbringer
    87 | D        | Reached skill level 4 in Fighting
    87 | D        | Reached XP level 2. HP: 13/25 MP: 2/2
   235 | D        | Reached * piety under Qazlal
   243 | D        | Reached skill level 1 in Invocations
   249 | D        | Noticed a fire bat
   256 | D        | Reached skill level 5 in Fighting
   256 | D        | Reached XP level 3. HP: 23/33 MP: 2/5
   257 | D        | Reached ** piety under Qazlal
   260 | D        | HP: 1/33 [fire bat (5)]
   262 | D        | Succumbed to a worker ant's poison

Vault maps used:
D:        pitsprint

Skill      XL: |  1  2 |
---------------+-------+-----
Shields        | 4 |  4.4
Fighting       | 4 5 |  5.2
Armour         | 4 |  4.0
Invocations    | 3 |  3.2
Axes           | 3 |  3.7
Stealth        | |  0.3

Action                   || total
-------------------------++-------
Melee: War axe           ||    27
  Use: Potion            ||     2
Armor: Scale mail        ||    19
Dodge: Dodged            ||    16
Block: Shield            ||    25

Table legend:
 A = Spawn XP
 B = Non-spawn XP
 C = Spawn XP percentage of total XP
 D = Spawn monster count
 E = Non-spawn monster count
 F = Spawn count percentage of total count
 G = Total turns spent on level
                    A         B        C        D         E        F      G
               +---------+---------+-------+---------+---------+-------+---------
         Total |       0 |      56 |   0.0 |       0 |       8 |   0.0 |   262
               +---------+---------+-------+---------+---------+-------+---------
             D |       0 |      56 |   0.0 |       0 |       8 |   0.0 |   262
               +---------+---------+-------+---------+---------+-------+---------
